Map: Acolyte LE

Players

SamuraiFunn

  • Race: Protoss Protoss
  • Spawn Location: 1:00

A.I. 1 (Harder) - Winner!

  • Race: Protoss Protoss
  • Spawn Location: 7:00

VOD

Have the link to the VOD?

Description

Time

  • Played on: Nov. 3, 2017, 11:01 p.m.
  • Length: 6:06
Show
View Real Time Build Order
Export as new Build Order

SamuraiFunn Protoss 

Build Orders:  

Get SALT Encoding   

  12  0:02  Probe (Chrono Boost)  
  13  0:12  Probe (Chrono Boost)  
  14  0:18  Pylon  
  14  0:24  Probe (Chrono Boost)  
  15  0:36  Probe (Chrono Boost)  
  16  0:44  Gateway  
  16  0:49  Probe (Chrono Boost)  
  17  1:00  Probe (Chrono Boost)  
  18  1:18  Pylon  
  18  1:20  Probe (Chrono Boost)  
  19  1:36  Cybernetics Core  
  19  1:39  Probe (Chrono Boost), Assimilator  
  20  1:53  Probe (Chrono Boost), Assimilator  
  21  2:02  Nexus  
  21  2:08  Probe (Chrono Boost)  
  22  2:17  Gateway  
  22  2:18  Probe (Chrono Boost)  
  23  2:27  Warp Gate  
  23  2:38  Adept  
  23  2:43  Pylon  
  25  2:48  Probe (Chrono Boost)  
  26  3:07  Stargate  
  26  3:10  Gateway  
  26  3:14  Probe (Chrono Boost)  
  27  3:20  Probe (Chrono Boost)  
  27  3:25  Probe (Chrono Boost)  
  29  3:32  Adept  
  31  3:35  Adept  
  31  3:41  Twilight Council  
  33  3:43  Forge  
  33  3:48  Probe (Chrono Boost)  
  33  3:49  Probe (Chrono Boost)  
  35  3:59  Probe x2 (Chrono Boost), Assimilator  
  37  4:03  Assimilator  
  37  4:34  Probe x2 (Chrono Boost)  
  39  4:45  Probe x2 (Chrono Boost), Nexus  
  41  4:56  Pylon  
  41  4:59  Probe x2 (Chrono Boost)  
  43  5:00  Pylon  
  43  5:06  Void Ray  
  47  5:15  Stargate  
  47  5:20  Probe x2 (Chrono Boost)  
  36  5:55  Zealot x3  
Show
View Real Time Build Order
Export as new Build Order

A.I. 1 (Harder) Protoss - Winner!

Build Orders:  

Get SALT Encoding   

  12  0:01  Probe (Chrono Boost)  
  13  0:11  Probe (Chrono Boost)  
  14  0:20  Pylon  
  14  0:22  Probe (Chrono Boost)  
  15  0:38  Probe (Chrono Boost)  
  16  0:47  Assimilator  
  16  0:49  Probe (Chrono Boost)  
  17  0:50  Gateway  
  17  0:59  Probe (Chrono Boost)  
  17  1:00  Pylon  
  18  1:10  Probe (Chrono Boost)  
  19  1:22  Probe (Chrono Boost)  
  20  1:36  Zealot  
  22  1:42  Cybernetics Core  
  22  1:46  Gateway  
  22  1:48  Assimilator  
  22  2:05  Pylon  
  22  2:11  Zealot  
  22  2:13  Warp Gate  
  24  2:31  Stalker  
  26  2:37  Stalker  
  26  2:44  Pylon  
  28  3:00  Stalker  
  28  3:04  Probe (Chrono Boost)  
  31  3:06  Stalker  
  33  3:17  Probe (Chrono Boost)  
  34  3:20  Pylon  
  34  3:28  Probe (Chrono Boost)  
  34  3:29  Stalker  
  37  3:34  Forge  
  37  3:35  Adept  
  37  3:40  Probe (Chrono Boost)  
  40  3:52  Probe (Chrono Boost)  
  41  3:57  Adept  
  44  4:03  Probe (Chrono Boost)  
  44  4:37  Adept  
  46  4:38  Gateway  
  46  4:44  Pylon, Adept  
  48  4:53  Nexus  
  48  4:56  Adept  
  50  5:04  Adept  
  52  5:15  Adept  
  54  5:23  Sentry  
  54  5:25  Pylon  
  54  5:29  Robotics Facility  
  54  5:33  Adept  
  56  5:41  Adept  
  58  5:48  Sentry  
  60  5:53  Photon Cannon  
  60  6:02  Photon Cannon  
Tags
 
Matchup
PvP
Replay Pack
First 100 games
Spawn Locations
Cross Positions
Add a new tag
Caveats
  • Supply blocks, unpowered buildings, or Contaminate may cause inaccurate times.
  • Supply counts are checked every 10 seconds.